Description

proxy DT?

Replay - NeoHumanity LE

Build Order

Get SALT Encoding   

  12  0:04  Probe (Chrono Boost)  
  14  0:21  Probe (Chrono Boost)  
  14  0:27  Pylon  
  14  0:38  Probe (Chrono Boost)  
  15  0:52  Assimilator  
  15  0:55  Probe (Chrono Boost)  
  15  0:56  Gateway  
  17  1:12  Probe (Chrono Boost)  
  17  1:13  Assimilator  
  17  1:28  Probe (Chrono Boost)  
  18  1:45  Probe (Chrono Boost)  
  18  1:49  Assimilator  
  19  2:03  Cybernetics Core  
  19  2:12  Probe (Chrono Boost)  
  22  2:16  Pylon  
  20  2:24  Nexus  
  21  2:31  Probe (Chrono Boost)  
  21  2:48  Probe (Chrono Boost)  
  22  3:00  Twilight Council  
  23  3:26  Stalker (Chrono Boost)  
  23  3:33  Pylon  
  27  4:01  Dark Shrine  
  27  4:17  Warp Gate  
  27  4:21  Robotics Facility  
  27  4:23  Gateway  
  28  4:44  Gateway  
  31  5:01  Stalker (Chrono Boost)  
  32  5:16  Warp Prism (Chrono Boost)  
  32  5:21  Pylon  
  34  6:27  Dark Templar x3  
Spawning Tool Build Advisor. Get it on Overwolf

Go to:

Details

  • Created by: copium
  • Published on: Jan 29, 2023
  • Modified on: Jan 29, 2023
  • Patch: 5.0.11
  • Difficulty: Easy
Show
View Real Time Build Order
Export as new Build Order

Comments (0)

There are no comments. Be the first!

Create an account to comment!